 Dungeon Crawl Stone Soup version 0.25.1-2-g60ff931df9 (webtiles) character file.

Game seed: 15379339221843635246

390 Exodus22XD the Shooter (level 6, -7/51 HPs)
             Began as a Centaur Hunter on Oct 10, 2020.
             Killed from afar by an orc wizard (10 damage)
             ... with a puff of flame
             ... on level 4 of the Dungeon.
             The game lasted 00:09:12 (3420 turns).

Exodus22XD the Shooter (Centaur Hunter)             Turns: 3420, Time: 00:09:13

Health: -7/51      AC:  6    Str: 16    XL:     6   Next: 50%
Magic:  6/6        EV:  7    Int: 10    God:
Gold:   156        SH:  0    Dex: 10    Spells: 5/5 levels left

rFire    . . .     SeeInvis .   a - +1 shortbow
rCold    . . .     Gourm    .   (shield currently unavailable)
rNeg     . . .     Faith    .   n - +0 scale mail
rPois    +         Spirit   .   (no helmet)
rElec    .         Reflect  .   (no cloak)
rCorr    .         Harm     .   (no gloves)
MR       .....                  (no barding)
Stlth    ..........             (no amulet)
HPRegen  0.17/turn              k - ring of poison resistance
MPRegen  0.10/turn              (no ring)

@: brilliant, hasted, very quick
A: large, hooves 3, deformed body, speed 2, tough skin 3
a: no special abilities


You were on level 4 of the Dungeon.
You were very hungry.

You visited 1 branch of the dungeon, and saw 4 of its levels.

You collected 156 gold pieces.

Inventory:

Hand Weapons
 a - a +1 shortbow (weapon)
 b - a +0 short sword
Missiles
 d - 50 arrows (quivered)
Armour
 n - a +0 scale mail (worn)
Jewellery
 k - a ring of poison resistance (left hand)
Scrolls
 e - 4 scrolls of identify {unknown}
 i - a scroll of amnesia {unknown}
 j - 2 scrolls of magic mapping {unknown}
 m - 5 scrolls of teleportation {unknown}
 o - a scroll of enchant armour {unknown}
 p - 2 scrolls of remove curse {unknown}
Potions
 g - a potion of haste
 l - a potion of degeneration {unknown}
Comestibles
 f - 8 rations


   Skills:
 + Level 3.2 Fighting
 + Level 7.4 Bows
 * Level 3.2 Armour
 + Level 1.8 Dodging
 - Level 0.4 Stealth


You had 5 spell levels left.
You didn't know any spells.
Your spell library was empty.

Dungeon Overview and Level Annotations

Branches:
Dungeon (4/15)
 Temple: D:4-7

Altars:
Dithmenos
Hepliaklqana
Makhleb
Wu Jian

Annotations:
D:2 2 transporters


Innate Abilities, Weirdness & Mutations

You have hooves in place of feet.
Armour fits poorly on your strangely shaped body.
You cover ground very quickly.
You have extremely tough skin. (AC +3)


Message History

Okay, then.
It was a potion of haste.
You feel yourself speed up.
The orc wizard hits you with a +0 dagger.
* * * LOW HITPOINT WARNING * * *
Found a helmet.
Firing (i - inventory)
d - 51 arrows (quivered)
Press: ? - help, Shift-Dir - straight line, f/p - orc wizard
Aim: an orc wizard, wielding a +0 dagger and wearing a +0 robe (moderately wounded, fast)
Okay, then.
It was a potion of brilliance.
You feel clever all of a sudden. The orc wizard barely misses you.
Firing (i - inventory)
d - 51 arrows (quivered)
Press: ? - help, Shift-Dir - straight line, f/p - orc wizard
Aim: an orc wizard, wielding a +0 dagger and wearing a +0 robe (moderately wounded, fast)
You shoot an arrow. The arrow hits the orc wizard.
The orc wizard is moderately wounded.
The orc wizard gestures at you while chanting.
The puff of flame hits you!
You die...

..# ### #######.# ##.##
#.......# #.#.## #.......#
.#.#.## #......%# #.#.#.##
#.......# .###.#.###.......#
##.##.#.##[.....@#
#.#.##.#.#######o# .#.#.##.#.##
#.# #.#.#.##.#.## #(# #######
..##.#.##.#.####(#######.......
#..##.#.##.#.##.......<..#
.#(.##.#.##)#.#..(...##..#
#.[#.##.#.##.........##..#
##..#.##.#.##........##..#


You could see an orc wizard (fast).

Vanquished Creatures
  An ice beast (D:4)
  An ogre (D:4)
  2 orc priests
  A hound (D:4)
  5 adders
  A gnoll (D:1)
  An ooze (D:3)
  3 worms
  A dart slug (D:2)
  4 leopard geckos
  4 orcs
  2 bats (D:1)
  2 giant cockroaches (D:4)
  A hobgoblin (D:1)
  2 jackals (D:2)
  9 kobolds
  2 quokkas
  A frilled lizard (D:4)
  8 goblins
  A leopard gecko skeleton (D:4)
  A quokka skeleton (D:4)
  3 rats
56 creatures vanquished.

Notes
Turn   | Place    | Note
-------+----------+-------------------------------------------
     0 | D:1      | Exodus22XD the Centaur Hunter began the quest for the Orb.
     0 | D:1      | Reached XP level 1. HP: 17/17 MP: 1/1
   261 | D:1      | Reached XP level 2. HP: 24/24 MP: 2/2
   325 | D:1      | Reached skill level 6 in Bows
   990 | D:2      | Reached XP level 3. HP: 24/29 MP: 3/3
  1319 | D:2      | Reached skill level 1 in Armour
  1364 | D:2      | Found a shadowy altar of Dithmenos.
  1365 | D:2      | Found a hazy altar of Hepliaklqana.
  1365 | D:2      | Found a burning altar of Makhleb.
  1497 | D:2      | Found a transporter.
  1497 | D:2      | Noticed a black bear
  1498 | D:2      | Found an ornate altar of the Wu Jian Council.
  1585 | D:2      | Found a transporter.
  1870 | D:3      | Reached XP level 4. HP: 12/36 MP: 4/4
  2663 | D:4      | Reached XP level 5. HP: 40/42 MP: 5/5
  2708 | D:4      | Noticed an ogre
  2750 | D:4      | Killed an ogre
  2837 | D:4      | Noticed an ice beast
  2887 | D:4      | Killed an ice beast
  2887 | D:4      | Reached skill level 7 in Bows
  2887 | D:4      | Reached XP level 6. HP: 12/51 MP: 6/6
  3416 | D:4      | HP: 2/51 [orc wizard/+0 dagger (1)]
  3420 | D:4      | Killed from afar by an orc wizard

Illustrated notes

Levels and vault maps discovered:
D:1:      scummos_arrival_star, layout_basic, serial_bayou_lagoon_a
D:2:      layout_basic, gammafunk_temple_overflow_arena,
          grunt_temple_overflow_open
D:3:      layout_rooms
D:4:      minmay_inner_zag, layout_basic, kennysheep_mini, first_ration

Skill      XL: |  1  2  3  4  5 |
---------------+----------------+-----
Bows           | 6 7 |  7.4
Armour         | 1 2 3 |  3.2
Fighting       | 3 |  3.2
Dodging        | |  1.8
Stealth        | |  0.4

Action                   |  1- 3 |  4- 6 || total
-------------------------+-------+-------++-------
Melee: Short sword       |   113 |    72 ||   185
       Kick              |    15 |    14 ||    29
 Fire: Shortbow          |     5 |    55 ||    60
  Use: Potion            |       |     2 ||     2
  Eat: Chunk             |     2 |     3 ||     5
Armor: Leather armour    |    13 |       ||    13
       Scale mail        |    35 |    42 ||    77
Dodge: Dodged            |    54 |    31 ||    85
